 Dungeon Crawl Stone Soup version 0.26.0-20-g3ca415f5b8 (webtiles) character file.

Game seed: 12433217317988907998

39 thiole the Sneak (level 3, 0/21 HPs)
             Began as an Octopode Hedge Wizard on Jan 24, 2021.
             Slain by a leopard gecko (2 damage)
             ... on level 2 of the Dungeon.
             The game lasted 00:01:58 (1510 turns).

thiole the Sneak (Octopode Hedge Wizard)            Turns: 1510, Time: 00:01:58

Health: 0/21       AC:  1    Str:  9    XL:     3   Next: 45%
Magic:  0/7        EV: 13    Int: 17    God:
Gold:   34         SH:  0    Dex: 11    Spells: 7/8 levels left

rFire    . . .     SeeInvis .   a - +0 dagger
rCold    . . .     Faith    .   (no shield)
rNeg     . . .     Spirit   .   b - +0 hat
rPois    .         Reflect  .   (no amulet)
rElec    .         Harm     .   (no ring)
rCorr    .         Rampage  .   (no ring)
Will     .....                  (no ring)
Stlth    +++.......             (no ring)
HPRegen  0.07/turn              (no ring)
MPRegen  0.10/turn              (no ring)
                                (no ring)
                                (no ring)

@: no status effects
A: almost no armour, stealthy swim, amphibious, 8 rings, constrict 8, camouflage
1, gelatinous body 1
a: no special abilities


You were on level 2 of the Dungeon.
You visited 1 branch of the dungeon, and saw 2 of its levels.

You collected 34 gold pieces.

Inventory:

Hand Weapons
 a - a +0 dagger (weapon)
Armour
 b - a +0 hat (worn)
Jewellery
 g - an uncursed ring of stealth {unknown}
Scrolls
 c - a scroll of enchant weapon {unknown}
 d - 2 scrolls of fear {unknown}
Potions
 e - 2 potions of degeneration {unknown}
 f - a potion of haste {unknown}
 h - a potion of mutation {unknown}


   Skills:
 - Level 2.0 Dodging
 + Level 3.3 Stealth
 + Level 3.2 Spellcasting
 * Level 2.0 Conjurations
 - Level 2.0 Summonings
 - Level 1.0 Translocations


You had 7 spell levels left.
You knew the following spells:

 Your Spells              Type           Power        Failure   Level
a - Magic Dart            Conj           36%          8%          1

Your spell library contained the following spells:

 Spells                   Type           Power        Failure   Level
 Call Imp                 Summ           9%           12%         2
 Blink                    Tloc           N/A          17%         2
 Slow                     Hex            2%           26%         2
 Conjure Flame            Conj/Fire      6%           34%         3
 Mephitic Cloud           Conj/Pois/Air  4%           36%         3


Dungeon Overview and Level Annotations

Branches:
Dungeon (2/15)

Altars:


Innate Abilities, Weirdness & Mutations

You cannot wear most types of armour.
You are very stealthy in the water. (Stealth+)
You are amphibious.
You can wear up to eight rings at the same time.
You can use your tentacles to constrict eight enemies at once.
Your skin changes colour to match your surroundings (Stealth+).
Your rubbery body absorbs attacks. (AC +1, EV +1)


Message History

Aim: an adder (severely wounded, 0% to evade)
The magic dart hits the adder but does no damage.
The adder is severely wounded.
The adder closely misses you. The leopard gecko bites you.
The frilled lizard closely misses you. The adder bites you.
Casting: Magic Dart (safe; 8% risk of failure)
Confirm with . or Enter, or press ? or * to list all spells.
You don't have enough magic to cast that spell.
You barely miss the adder. Your grab misses the adder.
The adder is severely wounded.
The leopard gecko closely misses you. The frilled lizard bites you.
The adder bites you. The leopard gecko bites you.
* * * LOW HITPOINT WARNING * * *
Your magical contamination has completely faded away.
You miss the adder. Your grab misses the adder.
The adder is severely wounded.
The adder completely misses you. The frilled lizard bites you.
* * * LOW HITPOINT WARNING * * *
The leopard gecko bites you.
You die...

#........#
+........+
#........#
#......$.#
#..$.....#
#........#
#lSl.....#
#.@......#
#........#
##########


You could see an adder, a leopard gecko and a frilled lizard.

Vanquished Creatures
  A dart slug (D:1)
  5 bats (D:1)
  3 giant cockroaches (D:1)
  5 goblins (D:1)
  4 hobgoblins (D:1)
  8 jackals (D:1)
  3 kobolds (D:1)
  A frilled lizard (D:1)
  A rat (D:1)
31 creatures vanquished.

Notes
Turn   | Place    | Note
-------+----------+-------------------------------------------
     0 | D:1      | thiole the Octopode Hedge Wizard began the quest for the
                  | Orb.
     0 | D:1      | Reached XP level 1. HP: 11/11 MP: 4/4
   207 | D:1      | Reached XP level 2. HP: 4/17 MP: 1/6
   715 | D:1      | Reached XP level 3. HP: 21/21 MP: 0/7
  1510 | D:2      | Slain by a leopard gecko

Illustrated notes

Levels and vault maps discovered:
D:1:      wander_arrival_fairy_ring, layout_basic
D:2:      layout_basic, uniq_robin

Skill      XL: |  1  2  3 |
---------------+----------+-----
Stealth        | 3 |  3.3
Summonings     | 2 |  2.0
Conjurations   | 2 |  2.0
Dodging        | |  2.0
Spellcasting   | |  3.2
Translocations | |  1.0

Action                   || total
-------------------------++-------
Melee: Dagger            ||    33
       Constrict         ||    10
       Tentacles         ||     6
 Cast: Magic Dart        ||    76
Armor: Skin              ||     4
Dodge: Dodged            ||    47
